 Dungeon Crawl Stone Soup version 0.21.1-1-g345015fe64 (webtiles) character file.

160755 Lentor the Minotaur Blade (level 17, -10/172 HPs)
             Began as a Minotaur Berserker on June 24, 2018.
             Was a High Priest of Trog.
             Mangled by an emperor scorpion (14 damage)
             ... on level 4 of the Spider Nest.
             The game lasted 01:21:28 (32167 turns).

Lentor the Minotaur Blade (Minotaur Berserker)     Turns: 32167, Time: 01:21:29

Health: -10/172    AC: 32    Str: 22    XL:     17   Next: 18%
Magic:  5/5        EV: 12    Int:  4    God:    Trog [*****.]
Gold:   2398       SH:  5    Dex: 17    Spells: 16/16 levels left

rFire    + . .     SeeInvis .   t - +4 great sword (antimagic)
rCold    + + .     Gourm    .   (shield currently unavailable)
rNeg     . . .     Faith    .   G - +2 plate armour {rF+}
rPois    +         Spirit   .   B - +2 hat
rElec    .         Reflect  +   M - +2 cloak {rC+}
rCorr    .         Harm     .   K - +0 pair of gloves
MR       ++...                  N - +2 pair of boots {Stlth+}
Stlth    ..........             L - +5 amulet of reflection
HPRegen  0.38/turn              E - ring of poison resistance
MPRegen  0.09/turn              W - ring "Tuikorum" {+Inv MR+ Str-2 Slay+2}

@: about to teleport
A: retaliatory headbutt, horns 2, agile 1, blink, cold resistance 1, shaggy fur
1
a: Blink, Berserk, Trog's Hand, Brothers in Arms, Burn Spellbooks, Renounce
Religion, Evoke Invisibility


You were on level 4 of the Spider Nest.
You worshipped Trog.
Trog was extremely pleased with you.
You were very hungry.

You visited 5 branches of the dungeon, and saw 28 of its levels.
You also visited: Ice Cave and Volcano.

You collected 2774 gold pieces.
You spent 376 gold pieces at shops.

Inventory:

Hand Weapons
 t - a +4 antimagic great sword (weapon)
 R - a +2 triple sword of holy wrath
 S - a +1 scimitar of flaming
Armour
 B - a +2 hat (worn)
 C - +0 fire dragon scales
 G - a +2 plate armour of fire resistance (worn)
 K - a +0 pair of gloves (worn)
 M - a +2 cloak of cold resistance (worn)
 N - a +2 pair of boots of stealth (worn)
Jewellery
 l - a +3 ring of dexterity
 q - an uncursed ring of resist corrosion
 y - an uncursed ring of see invisible
 E - a ring of poison resistance (left hand)
 H - a +3 ring of evasion
 L - a +5 amulet of reflection (around neck)
 P - an uncursed ring of protection from fire
 Q - a +4 ring of protection
 V - an uncursed ring of positive energy
 W - the ring "Tuikorum" (right hand) {+Inv MR+ Str-2 Slay+2}
   (You bought it in a shop on level 2 of the Orcish Mines)

   [ring of strength]

   It affects your strength (-2).
   It affects your accuracy and damage with ranged weapons and melee attacks
   (+2).
   It affects your resistance to hostile enchantments.
   It lets you turn invisible.
Wands
 b - a wand of scattershot (14)
 m - a wand of acid (19)
 o - a wand of clouds (7)
 z - a wand of enslavement (12)
 D - a wand of disintegration (42)
 F - a wand of random effects (35)
 I - a wand of polymorph (28)
 J - a wand of iceblast (20)
 Y - a wand of paralysis (11)
Scrolls
 a - 9 scrolls of identify
 e - 10 scrolls of teleportation
 f - a scroll of magic mapping
 g - a scroll of fear
 k - 11 scrolls of remove curse
 w - 5 scrolls of blinking
 U - a scroll of brand weapon
Potions
 d - 2 potions of heal wounds
 h - 6 potions of brilliance
 i - 2 potions of haste
 j - 2 potions of magic
 n - a potion of invisibility
 p - 3 potions of ambrosia
 r - 3 potions of might
 s - 4 potions of flight
 u - 2 potions of agility
 x - 16 potions of curing
 A - 3 potions of lignification
 O - a potion of resistance
 X - 2 potions of mutation
Comestibles
 c - 28 rations


   Skills:
 + Level 20.7 Fighting
 + Level 21.2 Long Blades
 + Level 17.9 Armour
 + Level 7.1 Dodging


You had 16 spell levels left.
You didn't know any spells.

Dungeon Overview and Level Annotations

Branches:
Dungeon (15/15)            Temple (1/1) D:6            Lair (6/6) D:9
 Shoals (0/4) Lair:2       Spider (4/4) Lair:3        Slime (0/5) Lair:6
    Orc (2/2) D:10            Elf (0/3) Orc:2        Vaults (0/5) D:13
 Depths (0/5) D:15

Altars:
Ashenzari
Cheibriados
Dithmenos
Elyvilon
Fedhas
Gozag
Hepliaklqana
Kikubaaqudgha
Makhleb
Nemelex Xobeh
Okawaru
Qazlal
Ru
Sif Muna
Trog
Uskayaw
Vehumet
Wu Jian
Xom
Yredelemnul
Zin
The Shining One
Beogh

Shops:
Orc:2 =?[

Portals:
Trove: D:13 (give +4 fire dragon scales)


Innate Abilities, Weirdness & Mutations

You reflexively headbutt those who attack you in melee.
You have a pair of horns on your head.
You are agile. (Dex +2)
You can translocate small distances at will.
Your flesh is cold resistant. (rC+)
You are covered in fur. (AC +1)


Message History

The emperor scorpion stings you!
* * * LOW HITPOINT WARNING * * *
You block the emperor scorpion's attack.
The emperor scorpion claws you!
* * * LOW HITPOINT WARNING * * *
Unknown command.
You feel much better.
The redback bites you but does no damage.
The wolf spider hits you!!
* * * LOW HITPOINT WARNING * * *
The wolf spider barely misses you. The emperor scorpion barely misses you.
The emperor scorpion claws you.
* * * LOW HITPOINT WARNING * * *
The emperor scorpion misses you.
The redback bites you but does no damage.
The wolf spider hits you!
* * * LOW HITPOINT WARNING * * *
The wolf spider bites you but does no damage.
The emperor scorpion stings you!
You die...

^###^...≈≈≈≈##
###≈†.†≈≈####
###≈≈..≈## #
≈##.....# ..
####....# ..#
.# ##≈..####
...^ ..#
#.^.†..####


sss.. ..# ###.^..^..####sy..^. .#. ######..(.@ssss# ... ###^.sss### .. ####### #
. # . You could see 3 emperor scorpions, a demonic crawler, a wolf spider
(berserk), a moth of wrath, an orb spider, a tarantella (berserk) and 4
redbacks.

Vanquished Creatures
  Roxanne (Spider:3)
  An emperor scorpion (Spider:1)
  An orc warlord (Orc:2)
  2 entropy weavers
  Nessos (Lair:5)
  2 dire elephants (Lair:6)
  2 spark wasps (Spider:4)
  Azrael (Orc:2)
  2 ogre magi (Orc:2)
  A fire dragon (Lair:1)
  A yaktaur captain (D:15)
  A vault guard (D:13)
  2 centaur warriors
  7 hydras
  A catoblepas (Lair:6)
  4 death knights
  9 two-headed ogres
  An anaconda (Lair:6)
  6 death yaks (Lair:6)
  2 tengu warriors (D:15)
  Nergalle (D:11)
  A fire crab (Volcano)
  A deep elf knight (D:15)
  2 unseen horrors
  11 skeletal warriors (D:15)
  A phantasmal warrior (D:11)
  Pikel (D:9)
  A deep elf mage (D:13)
  16 wolf spiders
  17 orb spiders
  A lindwurm (Volcano)
  16 ugly things
  An orc sorcerer (D:15)
  2 oklob plants (Lair:4)
  5 cyclopes
  4 manticores
  9 slime creatures (D:13)
  A moth of wrath (Spider:1)
  Maurice (D:10)
  11 elephants (Lair:6)
  2 ice statues (IceCv)
  Joseph (D:7)
  5 black mambas
  Psyche (D:9)
  12 spiny frogs
  2 rime drakes (Lair:2)
  A gargoyle (D:10)
  The ghost of Roikka the Caller, a novice DsSu (D:6)
  16 komodo dragons
  8 freezing wraiths
  12 demonic crawlers
  5 yaktaurs (D:15)
  An efreet (D:11)
  2 tengu conjurers (D:15)
  10 ice devils (IceCv)
  3 meliai (Spider:3)
  23 jumping spiders
  6 trolls
  A polar bear (Lair:2)
  Grinder (D:5)
  A harpy skeleton (D:15)
  8 dream sheep
  22 blink frogs
  3 hornets
  5 hippogriffs
  50 redbacks
  26 tarantellas
  2 fire elementals (Orc:2)
  2 wyverns
  3 wraiths
  61 yaks
  A centaur simulacrum (D:15)
  4 basilisks
  A hungry ghost (D:13)
  4 fire bats (Volcano)
  A warg (Orc:2)
  4 hell hounds
  15 porcupines
  Duvessa (D:4)
  8 water moccasins
  14 orc warriors
  A black bear (D:8)
  4 ice beasts
  5 phantoms
  5 sky beasts
  22 ogres
  A necrophage (D:13)
  7 wolves
  12 centaurs
  6 crocodiles
  13 big kobolds
  23 bullfrogs
  3 gnoll sergeants
  Dowan (D:4)
  A wyvern zombie (D:7)
  10 scorpions
  A water moccasin skeleton (D:9)
  10 wights
  2 howler monkeys (D:9)
  7 electric eels
  6 crimson imps
  5 centaur zombies
  A quasit (D:10)
  8 orc priests
  8 hounds
  15 jellies
  2 bullfrog skeletons
  3 bullfrog zombies
  25 orc wizards
  Terence (D:2)
  6 iguanas
  9 worker ants
  A statue (D:4)
  2 hound zombies
  A mummy (D:5)
  2 worker ant zombies
  A howler monkey zombie (D:5)
  8 gnolls
  20 adders
  4 shadow imps
  10 white imps (IceCv)
  8 ufetubi (IceCv)
  An adder skeleton (D:6)
  A worm (D:3)
  2 dart slugs
  6 leopard geckos
  75 orcs
  A ball python (D:2)
  7 giant cockroaches
  6 goblins
  6 hobgoblins
  13 jackals
  4 quokkas
  10 bats
  8 frilled lizards
  A jackal skeleton (D:5)
  A jackal zombie (D:8)
  24 kobolds
  A leopard gecko skeleton (D:6)
  A quokka skeleton (D:5)
  A quokka zombie (D:9)
  5 rats
  A fungus (Lair:5)
  13 plants
968 creatures vanquished.

Vanquished Creatures (collateral kills)
  A stone giant (Orc:1)
  3 dire elephants (Lair:6)
  A hydra (Lair:4)
  2 ogre magi (Orc:2)
  9 two-headed ogres (Orc:2)
  4 wolf spiders (Spider:4)
  2 orb spiders (Spider:4)
  A manticore (D:12)
  An ugly thing (D:12)
  A torpor snail (Spider:4)
  A tengu conjurer (D:15)
  3 jumping spiders (Spider:4)
  2 redbacks (Spider:4)
  2 yaks (Lair:4)
  2 orc warriors (Orc:1)
  14 ogres (Orc:2)
  A bullfrog skeleton (D:12)
  An orc wizard (Orc:1)
  A shadow imp (D:13)
  2 orcs (Orc:1)
  A kobold (D:13)
55 creatures vanquished.

Vanquished Creatures (others)
  A reaper (IceCv)
  2 ufetubi (IceCv)
  19 fungi
  38 plants
60 creatures vanquished.

Grand Total: 1083 creatures vanquished

Notes
Turn   | Place    | Note
-------+----------+-------------------------------------------
     0 | D:1      | Lentor the Minotaur Berserker began the quest for the Orb.
     0 | D:1      | Reached XP level 1. HP: 19/19 MP: 0/0
    63 | D:1      | Reached XP level 2. HP: 22/27 MP: 1/1
    89 | D:1      | Reached skill level 4 in Long Blades
   145 | D:1      | Reached ** piety under Trog
   480 | D:1      | Reached XP level 3. HP: 31/33 MP: 2/2
   839 | D:2      | Found a white marble altar of Elyvilon.
   946 | D:2      | Noticed Terence
   959 | D:2      | Killed Terence
   960 | D:2      | Reached XP level 4. HP: 7/41 MP: 3/3
  1986 | D:3      | Noticed an ogre
  1991 | D:3      | Killed an ogre
  1991 | D:3      | Reached skill level 5 in Fighting
  1991 | D:3      | Reached skill level 5 in Long Blades
  1991 | D:3      | Reached XP level 5. HP: 48/48 MP: 4/4
  2051 | D:3      | Found an opulent altar of Gozag.
  2224 | D:3      | Reached *** piety under Trog
  2746 | D:4      | Reached XP level 6. HP: 54/56 MP: 5/5
  2889 | D:4      | Reached skill level 6 in Long Blades
  2890 | D:4      | Reached skill level 5 in Armour
  3054 | D:4      | Noticed Duvessa
  3054 | D:4      | Noticed Dowan
  3061 | D:4      | Killed Duvessa
  3061 | D:4      | Reached XP level 7. HP: 62/62 MP: 6/6
  3062 | D:4      | Killed Dowan
  3370 | D:4      | Reached **** piety under Trog
  3370 | D:4      | Reached skill level 7 in Long Blades
  3526 | D:4      | Found the +7 Singing Sword
  3739 | D:4      | Found a radiant altar of Vehumet.
  4103 | D:5      | Entered Level 5 of the Dungeon
  4113 | D:5      | Reached XP level 8. HP: 66/70 MP: 7/7
  4246 | D:5      | Reached skill level 8 in Long Blades
  4462 | D:5      | Found a snail-covered altar of Cheibriados.
  4520 | D:5      | Noticed Grinder
  4527 | D:5      | Killed Grinder
  4547 | D:5      | Reached skill level 9 in Long Blades
  5028 | D:6      | Noticed Roikka's ghost (novice DsSu)
  5032 | D:6      | Killed Roikka's ghost
  5055 | D:6      | Reached skill level 5 in Dodging
  5275 | D:6      | Reached XP level 9. HP: 73/79 MP: 8/8
  5331 | D:6      | Reached skill level 10 in Long Blades
  5643 | D:6      | Found a staircase to the Ecumenical Temple.
  5655 | Temple   | Entered the Ecumenical Temple
  5940 | D:7      | Noticed Joseph
  5966 | D:7      | Reached skill level 11 in Long Blades
  5967 | D:7      | Killed Joseph
  5985 | D:7      | Reached ***** piety under Trog
  6201 | D:7      | Found a blossoming altar of Fedhas.
  6228 | D:7      | Reached skill level 12 in Long Blades
  6478 | D:8      | Reached XP level 10. HP: 89/90 MP: 9/9
  6659 | D:8      | Found a bloodstained altar of Trog.
  6869 | D:8      | Found a shattered altar of Ashenzari.
  7475 | D:8      | Got a blackened leather armour
  7486 | D:8      | Identified the +4 leather armour of the Onion {rF+} (You found it on level 8 of the Dungeon)
  7508 | D:8      | Found an iron altar of Okawaru.
  7508 | D:8      | Found a shadowy altar of Dithmenos.
  8157 | D:9      | Reached skill level 13 in Long Blades
  8252 | D:9      | Noticed a three-headed hydra
  8263 | D:9      | Killed a six-headed hydra
  8264 | D:9      | Reached skill level 14 in Long Blades
  8278 | D:9      | Reached skill level 10 in Fighting
  8278 | D:9      | Reached XP level 11. HP: 99/99 MP: 10/10
  8483 | D:9      | Noticed Psyche
  8491 | D:9      | Killed Psyche
  8512 | D:9      | Found a staircase to the Lair.
  8744 | D:9      | Found a stormy altar of Qazlal.
  8764 | D:9      | Noticed a two-headed ogre
  8779 | D:9      | Killed a two-headed ogre
  8938 | D:9      | Found a hazy altar of Hepliaklqana.
  8979 | D:9      | Noticed Pikel
  8987 | D:9      | Killed Pikel
  9196 | D:10     | Entered Level 10 of the Dungeon
  9262 | D:10     | Received a gift from Trog
  9331 | D:10     | Reached skill level 15 in Long Blades
  9339 | D:10     | Reached skill level 10 in Armour
  9348 | D:10     | Found a staircase to the Orcish Mines.
  9624 | D:10     | Found a sparkling altar of Nemelex Xobeh.
  9650 | D:10     | Noticed Maurice
  9657 | D:10     | Killed Maurice
  9714 | D:10     | Noticed a two-headed ogre
  9720 | D:10     | Killed a two-headed ogre
 10235 | Lair:1   | Entered Level 1 of the Lair of Beasts
 10293 | Lair:1   | Reached skill level 16 in Long Blades
 10299 | Lair:1   | Reached XP level 12. HP: 110/110 MP: 11/11
 10314 | Lair:1   | Noticed a four-headed hydra
 10409 | Lair:1   | Killed a seven-headed hydra
 10588 | Lair:1   | Noticed a four-headed hydra
 10592 | Lair:1   | Killed a seven-headed hydra
 10673 | Lair:1   | Gained mutation: You occasionally shout uncontrollably at your foes. [potion of mutation]
 10673 | Lair:1   | Gained mutation: You are resistant to hostile enchantments. (MR+) [potion of mutation]
 10674 | Lair:1   | Lost mutation: You occasionally shout uncontrollably at your foes. [potion of mutation]
 10674 | Lair:1   | Lost mutation: You are resistant to hostile enchantments. (MR+) [potion of mutation]
 10674 | Lair:1   | Gained mutation: You are covered in fur. (AC +1) [potion of mutation]
 10674 | Lair:1   | Gained mutation: You can translocate small distances at will. [potion of mutation]
 10674 | Lair:1   | Gained mutation: Your flesh is cold resistant. (rC+) [potion of mutation]
 10674 | Lair:1   | Gained mutation: You are agile. (Dex +2) [potion of mutation]
 10860 | Lair:1   | Noticed a fire dragon
 10869 | Lair:1   | Killed a fire dragon
 11478 | Lair:2   | Noticed a seven-headed hydra
 11485 | Lair:2   | Killed a ten-headed hydra
 11491 | Lair:2   | Found a staircase to the Shoals.
 11507 | Lair:2   | Reached skill level 17 in Long Blades
 11586 | Lair:2   | Received a gift from Trog
 11808 | Lair:2   | Found a frozen archway.
 11825 | IceCv    | Entered an ice cave
 12130 | IceCv    | Killed a reaper
 12207 | IceCv    | Reached ****** piety under Trog
 12545 | IceCv    | Got a crystal demon trident
 12979 | Lair:2   | Reached XP level 13. HP: 122/122 MP: 12/12
 13140 | Lair:3   | Found a dark tunnel.
 13177 | Volcano  | Entered a volcano
 13330 | Volcano  | Received a gift from Trog
 13651 | Lair:3   | Reached skill level 18 in Long Blades
 13967 | Lair:3   | Found a hole to the Spider Nest.
 15082 | Lair:5   | Noticed Nessos
 15101 | Lair:5   | Killed Nessos
 15622 | Lair:5   | Received a gift from Trog
 15626 | Lair:5   | Reached skill level 15 in Fighting
 16090 | Lair:6   | Entered Level 6 of the Lair of Beasts
 16292 | Lair:6   | Reached XP level 14. HP: 119/135 MP: 13/13
 17052 | Lair:6   | Reached skill level 19 in Long Blades
 17600 | Lair:6   | Found a staircase to the Slime Pits.
 17781 | Lair:6   | Found a glowing silver altar of Zin.
 18523 | Lair:6   | Received a gift from Trog
 19055 | Orc:1    | Entered Level 1 of the Orcish Mines
 19055 | Orc:1    | Found a roughly hewn altar of Beogh.
 19055 | Orc:1    | Noticed a stone giant
 19274 | Orc:1    | Killed a stone giant
 19313 | Orc:1    | Received a gift from Trog
 19335 | Orc:1    | Found a roughly hewn altar of Beogh.
 19514 | Orc:1    | You fall through a shaft!
 19514 | Orc:2    | Entered Level 2 of the Orcish Mines
 19515 | Orc:2    | Found a staircase to the Elven Halls.
 19784 | Orc:2    | Noticed an orc warlord
 19790 | Orc:2    | Killed an orc warlord
 19790 | Orc:2    | Reached skill level 15 in Armour
 19810 | Orc:2    | Noticed Azrael
 19816 | Orc:2    | Killed Azrael
 20306 | Orc:2    | Received a gift from Trog
 20753 | Orc:2    | Reached XP level 15. HP: 145/145 MP: 4/14
 20779 | Orc:2    | Reached skill level 20 in Long Blades
 21253 | Orc:2    | Found Duedeg's Jewellery Shoppe.
 21253 | Orc:2    | Found Lathif's Armour Boutique.
 21254 | Orc:2    | Found Juahu's Antique Weapon Shop.
 21254 | Orc:2    | Found Huka's Magic Scroll Shoppe.
 21263 | Orc:2    | Bought a scroll of enchant armour for 82 gold pieces
 21265 | Orc:2    | Bought the cursed ring "Tuikorum" {+Inv MR+ Str-2 Slay+2} for 294 gold pieces
 21626 | D:11     | Found a shadowy altar of Dithmenos.
 21851 | D:11     | Received a gift from Trog
 21857 | D:11     | Noticed Nergalle
 21866 | D:11     | Killed Nergalle
 23821 | D:13     | Found a shadowy altar of Dithmenos.
 23909 | D:13     | Found a portal to a secret trove of treasure.
 24061 | D:13     | Found a gate to the Vaults.
 24527 | D:14     | Found a sacrificial altar of Ru.
 24589 | D:14     | Found a snail-covered altar of Cheibriados.
 24862 | D:15     | Entered Level 15 of the Dungeon
 25012 | D:15     | Reached XP level 16. HP: 150/160 MP: 5/15
 26070 | D:15     | Found a staircase to the Depths.
 26098 | D:15     | Received a gift from Trog
 26489 | D:15     | Found a stormy altar of Qazlal.
 26835 | Spider:1 | Entered Level 1 of the Spider Nest
 28405 | Spider:2 | Received a gift from Trog
 29896 | Spider:3 | Noticed Roxanne
 29927 | Spider:3 | Killed Roxanne
 30191 | Spider:4 | Entered Level 4 of the Spider Nest
 30196 | Spider:4 | Reached skill level 21 in Long Blades
 30879 | Spider:3 | Reached XP level 17. HP: 171/171 MP: 5/16
 31187 | Spider:4 | Received a gift from Trog
 32167 | Spider:4 | HP: 4/172 [wolf spider (13)]
 32167 | Spider:4 | Mangled by an emperor scorpion

Skill      XL: |  1  2  3  4  5  6  7  8  9 10 11 12 13 14 15 16 |
---------------+-------------------------------------------------+-----
Fighting       | 4 5 6 7 8 10 11 13 15 16 19 20 | 20.7
Long Blades    | 4 5 6 7 9 12 14 16 17 18 19 20 21 | 21.2
Armour         | 3 4 5 6 7 8 9 10 12 13 15 16 17 | 17.9
Dodging        | 3 4 5 6 7 |  7.1

Action                   |  1- 3 |  4- 6 |  7- 9 | 10-12 | 13-15 | 16-18 || total
-------------------------+-------+-------+-------+-------+-------+-------++-------
Melee: Falchion          |    64 |    94 |    74 |       |       |       ||   232
       Headbutt          |     8 |    14 |    59 |   123 |   303 |   188 ||   695
       Long sword        |       |       |    31 |       |       |       ||    31
       Double sword      |       |       |   114 |   478 |   552 |       ||  1144
       Great sword       |       |       |       |       |   418 |   572 ||   990
Invok: Berserk           |     2 |     4 |     4 |    14 |    16 |     6 ||    46
       Burn Spellbooks   |       |     1 |       |       |     4 |     3 ||     8
       Brothers in Arms  |       |       |       |       |    10 |     5 ||    15
       Trog's Hand       |       |       |       |       |     1 |     1 ||     2
 Abil: Blink             |       |       |       |       |     1 |       ||     1
Evoke: Fan of gales      |       |       |       |       |     1 |       ||     1
  Use: Scroll            |       |       |    15 |     9 |    19 |     6 ||    49
       Potion            |       |       |       |     2 |     2 |     4 ||     8
 Stab: Held in net/web   |       |       |     2 |       |       |       ||     2
       Distracted        |       |       |       |     1 |       |       ||     1
  Eat: Chunk             |       |     8 |     8 |    22 |    24 |     8 ||    70
       Ration            |       |     1 |     2 |     4 |    10 |     6 ||    23
Armor: Animal skin       |     5 |       |       |       |       |       ||     5
       Ring mail         |     9 |    35 |    76 |       |       |       ||   120
       Plate armour      |       |       |    12 |   270 |   526 |   464 ||  1272
       Fire dragon scale |       |       |       |       |    11 |       ||    11
Dodge: Dodged            |    50 |    72 |   125 |   187 |   421 |   284 ||  1139
Block: Other             |       |       |       |    39 |   184 |   119 ||   342
       Reflection        |       |       |       |     2 |     6 |     3 ||    11
       Rpst.: Falchion   |     8 |    21 |    11 |       |       |       ||    40
       Long sword        |       |       |     6 |       |       |       ||     6
       Double sword      |       |       |    17 |    37 |    52 |       ||   106
       Great sword       |       |       |       |       |    44 |    59 ||   103
